 Dungeon Crawl Stone Soup version 0.26.1-10-gdfb7c7de75 (webtiles) character file.

Game seed: 7697429874591939708

177 Descartes the Magician (level 5, 0/29 HPs)
             Began as a Deep Elf Wanderer on Apr 4, 2021.
             Was an Initiate of Qazlal.
             Slain by an ogre
             ... wielding a +0 giant spiked club
              (29 damage)
             ... on level 4 of the Dungeon.
             The game lasted 00:09:01 (2832 turns).

Descartes the Magician (Deep Elf Wanderer)          Turns: 2832, Time: 00:09:02

Health: 0/29       AC:  4    Str: 10    XL:     5   Next: 30%
Magic:  14/14      EV: 11    Int: 19    God:    Qazlal [......]
Gold:   166        SH:  0    Dex: 12    Spells: 9/14 levels left

rFire    + . .     SeeInvis +   a - +0 dagger
rCold    . . .     Faith    .   (no shield)
rNeg     . . .     Spirit   .   d - +0 robe
rPois    .         Reflect  .   b - +0 helmet
rElec    .         Harm     .   (no cloak)
rCorr    .         Rampage  .   A - +0 pair of gloves
Will     .....                  (no boots)
Stlth    +.........             c - amulet of magic regeneration
HPRegen  0.09/turn              n - ring of protection from fire
MPRegen  0.39/turn              r - ring of see invisible

@: no status effects
A: no striking features
a: Renounce Religion


You were on level 4 of the Dungeon.
You worshipped Qazlal.
Qazlal was noncommittal.
You visited 1 branch of the dungeon, and saw 4 of its levels.

You collected 166 gold pieces.

Inventory:

Hand Weapons
 a - a +0 dagger (weapon)
 t - a +3 flail
Missiles
 k - 21 sling bullets
 l - 34 arrows
 m - 87 stones (quivered)
 w - 7 javelins
 z - 2 boomerangs
Armour
 b - a +0 helmet (worn)
 d - a +0 robe (worn)
 u - a +0 kite shield
 A - a +0 pair of gloves (worn)
Jewellery
 c - an amulet of magic regeneration (around neck)
 n - a ring of protection from fire (left hand)
 r - a ring of see invisible (right hand)
Wands
 p - a wand of digging (6)
Scrolls
 e - 2 scrolls of identify {unknown}
 f - 2 scrolls of remove curse
 i - 3 scrolls of enchant armour {unknown}
 o - a scroll of magic mapping {unknown}
 q - a scroll of fear {unknown}
 s - a scroll of noise {unknown}
 v - a scroll of teleportation {unknown}
 y - a scroll of blinking {unknown}
Potions
 g - a potion of attraction {unknown}
 h - 5 potions of heal wounds {unknown}
 j - a potion of haste {unknown}


   Skills:
 - Level 1.5 Fighting
 - Level 1.0 Crossbows
 - Level 1.0 Throwing
 * Level 0.4 Shields
 - Level 5.0 Spellcasting
 + Level 3.5 Conjurations
 + Level 1.6 Hexes
 * Level 3.1 Fire Magic
 - Level 1.1 Evocations


You had 9 spell levels left.
You knew the following spells:

 Your Spells              Type           Power        Failure   Level
a - Magic Dart            Conj           72%          2%          1
b - Foxfire               Conj/Fire      68%          3%          1
c - Inner Flame           Hex/Fire       13%          14%         3

Your spell library contained the following spells:

 Spells                   Type           Power        Failure   Level
 Searing Ray              Conj           36%          4%          2
 Summon Small Mammal      Summ           16%          12%         1
 Dazzling Flash           Conj/Hex       28%          13%         3
 Summon Guardian Golem    Hex/Summ       7%           26%         3
 Fulminant Prism          Conj/Hex       7%           38%         4
 Iskenderun's Mystic Bla  Conj/Tloc      11%          52%         4


Dungeon Overview and Level Annotations

Branches:
Dungeon (4/15)
 Temple: D:4-7

Altars:
Nemelex Xobeh
Qazlal
Zin


Message History

You conjure some foxfire!
Your foxfire dissipates!
Your foxfire dissipates!
You now have 166 gold pieces (gained 3).
Done exploring.
Done exploring.
Unknown command.
Done exploring.
Things that are here:
a +0 dagger; a +0 robe
There is a stone staircase leading down here.
You climb downwards.
You hear the hiss of flowing sand.
There is an entrance to an ossuary on this level.
Hurry and find it before the portal is buried!
A worker ant and an ogre come into view.
Found 11 arrows and 9 gold pieces.
Found a stone staircase leading up.
There is a stone staircase leading up here.
The ogre hits you with a +0 giant spiked club!!
Ouch! That really hurt!
You die...

#..(....
#......
#...... .....
#...# #...+
.#<
####...#.....
#....@.......
#....O...B...
#.......##...
#.......# .
#.......#
####....#
......
.$.....


You could see an ogre and a worker ant.

Vanquished Creatures
  2 orc wizards (D:3)
  4 adders
  An ooze (D:1)
  A worm (D:2)
  3 dart slugs
  A leopard gecko (D:1)
  2 orcs (D:3)
  2 ball pythons
  6 bats
  7 giant cockroaches
  4 goblins
  6 hobgoblins
  6 jackals
  A quokka (D:3)
  2 frilled lizards (D:1)
  7 kobolds
  10 rats
65 creatures vanquished.

Vanquished Creatures (others)
  273 foxfires
273 creatures vanquished.

Grand Total: 338 creatures vanquished

Notes
Turn   | Place    | Note
-------+----------+-------------------------------------------
     0 | D:1      | Descartes the Deep Elf Wanderer began the quest for the
                  | Orb.
     0 | D:1      | Descartes set off with the following items: a +0 dagger, a
                  | +0 robe; and the following spells available to memorise:
                  | Magic Dart, Foxfire, Searing Ray, Summon Small Mammal,
                  | Dazzling Flash, Inner Flame, Summon Guardian Golem,
                  | Fulminant Prism, Iskenderun's Mystic Blast
     0 | D:1      | Reached XP level 1. HP: 12/12 MP: 6/6
     2 | D:1      | Learned a level 1 spell: Magic Dart
     4 | D:1      | Learned a level 1 spell: Foxfire
   120 | D:1      | Reached XP level 2. HP: 16/16 MP: 0/8
   318 | D:1      | Reached skill level 4 in Spellcasting
   595 | D:1      | Reached XP level 3. HP: 20/20 MP: 6/10
   695 | D:1      | You fall into a shaft and drop 1 floor!
   940 | D:2      | Found a glowing silver altar of Zin.
   959 | D:2      | Learned a level 3 spell: Inner Flame
  1046 | D:2      | Reached XP level 4. HP: 25/25 MP: 9/12
  1949 | D:3      | Reached skill level 1 in Hexes
  1958 | D:3      | Reached skill level 5 in Spellcasting
  1958 | D:3      | Reached XP level 5. HP: 29/29 MP: 2/14
  2026 | D:3      | Found a stormy altar of Qazlal.
  2032 | D:3      | Became a worshipper of Qazlal Stormbringer
  2532 | D:3      | Found a sparkling altar of Nemelex Xobeh.
  2831 | D:4      | Noticed an ogre
  2832 | D:4      | Slain by an ogre

Illustrated notes

Levels and vault maps discovered:
D:1:      erik_arrival_triangle_large, layout_rooms
D:2:      layout_basic, zin_academy
D:3:      minmay_bubble_buster, layout_loops_ring,
          nicolae_overflow_crystal_walls, overflow_temple_1_default,
          minmay_misc_feat_five, st_stairs_12
D:4:      layout_basic, temple_fountains, nicolae_ossuary_entry_plus,
          gammafunk_ghost_necromancy, minivault_1, uniq_grinder

Skill      XL: |  1  2  3  4  5 |
---------------+----------------+-----
Spellcasting   | 4 5 |  5.0
Conjurations   | 3 |  3.5
Fire Magic     | 2 3 |  3.1
Hexes          | 1 |  1.6
Fighting       | |  1.5
Crossbows      | |  1.0
Throwing       | |  1.0
Shields        | |  0.4
Evocations     | |  1.1

Action                   |  1- 3 |  4- 6 || total
-------------------------+-------+-------++-------
Melee: Dagger            |     1 |     1 ||     2
 Cast: Magic Dart        |     9 |     2 ||    11
       Foxfire           |    94 |    83 ||   177
  Use: Scroll            |       |     1 ||     1
Armor: Robe              |     6 |     7 ||    13
Dodge: Dodged            |    15 |    13 ||    28
